 Dungeon Crawl Stone Soup version 0.31.0-11-ge490571c62 (webtiles) character file.

Game seed: 14201399163894763382

59 qw the Shooter (level 3, 0/20 HPs)
             Began as a Deep Elf Hunter on Feb 4, 2024.
             Slain by a kobold
             ... wielding a +0 short sword
              (4 damage)
             ... on level 2 of the Dungeon.
             The game lasted 00:00:03 (865 turns).

qw the Shooter (Deep Elf Hunter)                     Turns: 865, Time: 00:00:04

Health: 0/20       AC:  3    Str: 10    XL:     3   Next: 78%
Magic:  5/5        EV: 12    Int: 13    God:
Gold:   89         SH:  0    Dex: 18    Spells: 2/2 levels left

rFire   . . .        a - +0 shortbow
rCold   . . .        (shield currently unavailable)
rNeg    . . .        c - +0 leather armour
rPois   .            (no helmet)
rElec   .            (no cloak)
rCorr   .            (no gloves)
SInv    .            (no boots)
Will    .....        (no amulet)
Stlth   ++           (no ring)
HPRegen 0.23/turn    (no ring)
MPRegen 0.09/turn

%: no passive effects
@: lethally poisoned (0 -> -4)
A: no striking features
a: no special abilities


You were on level 2 of the Dungeon.
You visited 1 branch of the dungeon, and saw 2 of its levels.

You collected 89 gold pieces.


   Skills:
 - Level 1.5 Fighting
 + Level 7.3 Ranged Weapons
 - Level 2.4 Dodging
 - Level 1.2 Stealth


You had 2 spell levels left.
You didn't know any spells.
Your spell library was empty.

Inventory:

Hand Weapons
 a - a +0 shortbow (weapon)
Armour
 c - a +0 leather armour (worn)
Scrolls
 b - a scroll of noise {unknown}
 d - a scroll of blinking {unknown}
 e - a scroll of teleportation {unknown}
Potions
 g - a potion of resistance
 i - 2 potions of curing

Dungeon Overview and Level Annotations

Branches:
Dungeon (2/15)

Altars:


Message History

A kobold comes into view. It is wielding a +0 short sword.
You shoot an arrow. The kobold shouts!
The arrow hits the adder!
You kill the adder!
You feel sick.
You are no longer poisoned.
You shoot an arrow.
The arrow hits the endoplasm but does no damage.
The endoplasm is moderately wounded.
The adder bites you but does no damage. The endoplasm freezes you.
You are frozen.
You shoot an arrow. The arrow hits the endoplasm.
The endoplasm is heavily wounded.
The adder closely misses you. The endoplasm closely misses you.
The adder barely misses you.
You shoot an arrow. The arrow hits the endoplasm.
You kill the endoplasm!
The adder misses you.
The kobold throws a stone.
The stone hits you but does no damage.
You shoot an arrow. The arrow misses the adder.
The adder barely misses you. The adder bites you but does no damage.
You shoot an arrow. The arrow misses the adder.
The adder bites you but does no damage.
You shoot an arrow. The arrow hits the adder.
The adder is lightly wounded.
The adder bites you but does no damage.
The kobold hits you with a +0 short sword.
You shoot an arrow.
The arrow hits the adder but does no damage.
The adder is lightly wounded.
The adder closely misses you. The kobold hits you but does no damage.
The adder bites you.
You are lethally poisoned!
The adder poisons you!
You shoot an arrow. The arrow barely misses the adder.
You feel sick. The adder barely misses you.
The kobold hits you with a +0 short sword.
You die...

....# ...(# .~..~..~..~~~
....# ..~~..~..~~~ ..###
......~..~.# .# ..#
........~~..# ...## ..#
#............##$..... ..#
#.............$#.......
..####........?SK...........#
..#.............@...........#
..#......:..................#
............###.............#
............................#
................###.........#
.....##.................###...
.....##.......................
.....###.............##.......
..............................


You could see an adder and a kobold.

Vanquished Creatures
  3 adders (D:2)
  A ribbon worm (D:2)
  2 ball pythons
  2 endoplasms (D:2)
  2 giant cockroaches (D:2)
  8 goblins
  2 hobgoblins
  5 bats (D:2)
  A frilled lizard (D:2)
  A kobold (D:1)
  3 rats
30 creatures vanquished.

Notes
Turn   | Place    | Note
-------+----------+-------------------------------------------
     0 | D:1      | qw the Deep Elf Hunter began the quest for the Orb.
     0 | D:1      | Reached XP level 1. HP: 12/12 MP: 3/3
     0 | D:1      | 0 ||| qw: Version: 0.3-a-160-g6735b56
     0 | D:1      | 0 ||| qw: Game counter: 5153
     0 | D:1      | 0 ||| qw: Melee chars always use a shield: true
     0 | D:1      | 0 ||| qw: God list: Okawaru
     0 | D:1      | 0 ||| qw: Allow faded altars: false
     0 | D:1      | 0 ||| qw: Do Orc after clearing Dungeon:15 true
     0 | D:1      | 0 ||| qw: Do second Lair branch before Depths: true
     0 | D:1      | 0 ||| qw: Lair rune preference: random
     0 | D:1      | 0 ||| qw: Goals: Normal
     0 | D:1      | 0 ||| PLANNING D:1-11
   424 | D:1      | Reached XP level 2. HP: 16/16 MP: 4/4
   432 | D:1      | Reached skill level 6 in Ranged Weapons
   494 | D:1      | 494 ||| READING scroll labelled FINGA CELLUXU.
   495 | D:1      | 495 ||| READING 3 scrolls labelled ZAEPSU HAOSM.
   495 | D:1      | 495 ||| IDENTIFYING fuming purple potion
   496 | D:1      | 496 ||| READING 2 scrolls of identify.
   496 | D:1      | 496 ||| IDENTIFYING lumpy amethyst potion
   497 | D:1      | 497 ||| READING scroll of identify.
   497 | D:1      | 497 ||| IDENTIFYING silvery potion
   498 | D:1      | 498 ||| READING scroll labelled BIUMNO PELI.
   499 | D:1      | 499 ||| DROPPING scroll of butterflies.
   500 | D:1      | 500 ||| DROPPING potion of invisibility.
   604 | D:2      | Reached XP level 3. HP: 20/20 MP: 5/5
   781 | D:2      | Reached skill level 7 in Ranged Weapons
   837 | D:2      | Identified the +10 chain mail "Gill" {Fly}
   864 | D:2      | HP: 5/20 [adder (2)]
   865 | D:2      | Slain by a kobold

Levels and vault maps discovered:
D:1:      minmay_arrival_arboretum_small, layout_basic
D:2:      cheibrodos_helix_gallery, layout_basic, minmay_between

Skill      XL: |  1  2  3 |
---------------+----------+-----
Ranged Weapons | 6 7 |  7.3
Fighting       | |  1.5
Dodging        | |  2.4
Stealth        | |  1.2

Action                     || total
---------------------------++-------
   Fire: Shortbow          ||    93
    Use: Scroll            ||     5
 Armour: Leather armour    ||    18
  Dodge: Dodged            ||    21

Table legend:
 A = Non-vault XP
 B = Vault XP
 C = Vault XP percentage of total XP
 D = Non-vault monster count
 E = Vault monster count
 F = Vault count percentage of total count
                 A         B        C        D         E       F
            +---------+---------+-------+---------+---------+-------
      Total |      61 |      24 |  28.2 |      24 |       6 |  20.0
            +---------+---------+-------+---------+---------+-------
        D:1 |      17 |       0 |   0.0 |      10 |       0 |   0.0
        D:2 |      44 |      24 |  35.3 |      14 |       6 |  30.0
            +---------+---------+-------+---------+---------+-------
